 Zot Defence DCSS version 0.15.2 (webtiles) character file.

429 hexophile the Skirmisher (level 6, -3/50 HPs)
             Began as a Mummy Fighter on Sept 28, 2015.
             Killed by divine providence
             ... invoked by an orc high priest
              (10 damage)
             ... in the Realm of Zot (Scenario I: Hall of Zot).
             The game lasted 00:01:21 (3512 turns).

hexophile the Skirmisher (Mummy Fighter)            Turns: 3512, Time: 00:01:21

HP  -3/50        AC  7     Str 21      XL: 6   Next: 66%
MP   6/6         EV  6     Int  7      God:
Gold 0           SH  9     Dex 11      Spells:  0 memorised,  5 levels left

rFire  x . .     SeeInvis .     a - +0 war axe
rCold  + . .     Clarity  .     b - +0 scale mail
rNeg   + + +     rCorr    .     c - +0 shield
rPois  +         rRot     +     (no helmet)
rElec  .         Spirit   .     (no cloak)
SustAb .         Warding  .     (no gloves)
rMut   .         Stasis   .     (no boots)
Gourm  .                        (no amulet)
MR     .....                    (no ring)
                                (no ring)

@: not resistant to hostile enchantments, extremely unstealthy
A: no food or potions, fire vulnerability, restore body, cold resistance 1,
negative energy resistance 3, poison resistance, torment resistance, unbreathing
a: Make oklob sapling, Make arrow trap, Make plant, Remove Curse, Make burning
bush, Make altar, Make grenades


You were in the Realm of Zot.
You were not hungry.

You visited 1 branch

Inventory:

Hand weapons
 a - a +0 war axe (weapon)
Armour
 b - a +0 scale mail (worn)
 c - a +0 shield (worn)
Scrolls
 j - a scroll of blinking


   Skills:
 + Level 4.9 Fighting
 + Level 2.9 Axes
 - Level 4.2 Armour
 - Level 3.1 Shields


You had 5 spell levels left.
You didn't know any spells.

Dungeon Overview and Level Annotations

Branches:
    Zot (1/1)

Altars:

Annotations:
Zot Harold


Innate Abilities, Weirdness & Mutations

You do not eat or drink.
Your flesh is vulnerable to fire.
Your flesh is cold resistant.
You are immune to negative energy.
Your system is resistant to poisons.
You are immune to unholy pain and torment.
You can survive without breathing.


Message History

The orc high priest is heavily wounded.
You hit the iron devil.
The iron devil is lightly wounded.
You miss the sun demon.
Your shield and scale mail prevent you from hitting the orc high priest.
The orc high priest is heavily wounded.
You barely miss the iron devil.
The iron devil is lightly wounded.
You hit the sun demon.
The sun demon is lightly wounded.
You hit the orc high priest.
The orc high priest is heavily wounded.
You hit the iron devil but do no damage.
The iron devil is lightly wounded.
You hit the sun demon but do no damage. You hit the orc high priest.
The orc high priest is severely wounded.
The iron devil disappears in a puff of smoke!
The orc high priest calls down the wrath of Beogh upon something.
Something smites you!
You die...

▓▓∆▓▓ ### ▓▓∆▓▓ ###▓▓▓
########<######## ▓▓▓### ...##
#......<.<......# ##... ....##
##.............## ##.... .....##
#.............# ##..... ......#
##...........## #...... ......#
#...........# #...... ......#
##...........## #...... ......#
#......@......# #...... ......#
##.....o3§.....## #......
......###.....oF*c@.....###......
.....###...###########...###.....
....##....## ##....##....
........### ###........ #########
######### ....#### ####....
.......### ###.......


You could see Harold, an orc high priest, a sun demon, a yaktaur, a spiny frog,
an orc and a giant spore.

Vanquished Creatures
  A deep troll zombie (Zot)
  A soldier ant (Zot)
  A shadow imp (Zot)
  An orc (Zot)
4 creatures vanquished.

Notes
Turn   | Place    | Note
--------------------------------------------------------------
     0 | Zot      | hexophile, the Mummy Fighter, began the quest for the Orb.
     0 | Zot      | Reached XP level 1. HP: 18/18 MP: 1/1
  3393 | Zot      | Noticed a deep troll zombie
  3399 | Zot      | Noticed a soldier ant
  3401 | Zot      | Noticed Harold
  3414 | Zot      | Reached XP level 2. HP: 24/24 MP: 2/2
  3430 | Zot      | Killed a deep troll zombie
  3430 | Zot      | Reached skill level 4 in Fighting
  3430 | Zot      | Reached XP level 3. HP: 28/30 MP: 3/3
  3430 | Zot      | Reached XP level 4. HP: 34/37 MP: 4/4
  3430 | Zot      | Reached XP level 5. HP: 38/42 MP: 5/5
  3463 | Zot      | Noticed a spiny frog
  3473 | Zot      | Noticed a yaktaur
  3476 | Zot      | Killed a soldier ant
  3476 | Zot      | Reached XP level 6. HP: 48/50 MP: 6/6
  3486 | Zot      | Noticed an orc high priest
  3488 | Zot      | Noticed an ice devil
  3489 | Zot      | Noticed a sun demon
  3489 | Zot      | Noticed an iron devil
  3512 | Zot      | Killed from afar by an orc high priest

Action                   |  1- 3 |  4- 6 || total
-------------------------+-------+-------++-------
Melee: War axe           |    13 |    67 ||    80
